AoeStats
← Dejá

Northern Isles

510428199Analyzed
1v1 RM · 8h ago on Oct 1, 2026· 23m 49s· 2 players
Game mode
Random Map
Map size
Tiny (2 player)
Population
200
Speed
Normal
Resources
Standard
Victory
Conquest
Starting age
Dark Age
Ending age
Imperial Age
RankedLock teamsTeams togetherTeam positionsShared explorationLock speedFull tech treeHidden civsTurbo modeCheats
Victory
Defeat
🇦🇷 Persians · Argentina
1128
+16
🇦🇷 Varangians · Argentina
1126
-16
ARMENIO FULL AGUA
11:07 Feudal Age
12:29 Double-Bit Axe
15:20 Castle Age
14:39 Fletching
14:48 Gold Mining
16:01 Bodkin Arrow
Dejá
10:21 Feudal Age
13:00 Bloodlines
12:40 Double-Bit Axe
15:28 Castle Age
15:35 Scale Barding Armor
15:24 Gold Mining
17:12 Medium Warships
17:12 Husbandry
Connection lost

Rejoining the realm…

Still unreachable

The connection could not be restored.

Session expired

The server has moved on; the page needs a fresh start.